 Dungeon Crawl Stone Soup version 0.31-a0-1300-gb6740aa4e6 (webtiles) character file.

Game seed: 6279982179994323534

1439 jasper the Purveyor of Pain (level 8, -2/62 HPs)
             Began as a Demonspawn Necromancer on Dec 18, 2023.
             Was an Initiate of Kikubaaqudgha.
             Hit by a boomerang thrown by something (12 damage)
             ... on level 7 of the Dungeon.
             The game lasted 00:09:27 (5822 turns).

jasper the Purveyor of Pain (DsNe)                  Turns: 5822, Time: 00:09:28

Health: -2/62      AC:  2    Str: 11    XL:     8   Next: 45%
Magic:  3/15       EV: 14    Int: 23    God:    Kikubaaqudgha [......]
Gold:   23         SH:  0    Dex: 16    Spells: 9/16 levels left

rFire   . . .        o - +7 flail "Ophapnesh" {speed, Str+2}
rCold   + . .        (no shield)
rNeg    . . .        a - +0 robe
rPois   .            (helmet restricted)
rElec   .            (no cloak)
rCorr   .            (no gloves)
SInv    .            (no boots)
Will    .....        (no amulet)
Stlth   +++          g - +6 ring of intelligence
HPRegen 0.30/turn    q - ring of protection from cold
MPRegen 0.14/turn

%: no passive effects
@: mighty, studying Axes
A: horns 1, thin skeletal structure 1, foul stench 1, icemail 1, condensation
shield
a: Renounce Religion


You were on level 7 of the Dungeon.
You worshipped Kikubaaqudgha.
Kikubaaqudgha was noncommittal.
You visited 2 branches of the dungeon, and saw 8 of its levels.

You collected 23 gold pieces.

Inventory:

Hand Weapons
 c - a +1 morningstar of protection
 k - a +2 whip of flaming
 o - the +7 flail "Ophapnesh" (weapon) {speed, Str+2}
   (You found it on level 3 of the Dungeon)

   Str+2:     It affects your strength (+2).
Missiles
 e - 2 boomerangs
Armour
 a - a +0 robe (worn)
 p - an orb of energy
 u - a +0 ring mail
Magical Staves
 l - a staff of conjuration
Jewellery
 g - a +6 ring of intelligence (left hand)
 q - a ring of protection from cold (right hand)
Wands
 s - a wand of flame (9)
Scrolls
 b - 3 scrolls of fog
 n - a scroll of amnesia
 r - a scroll of fear
 t - a scroll of teleportation
Potions
 d - 3 potions of curing
 f - 2 potions of attraction
 h - a potion of might
 i - a potion of degeneration {unknown}
 j - a potion of haste {unknown}
 m - a potion of berserk rage {unknown}


   Skills:
 + Level 5.1 Fighting
 + Level 5.0 Dodging
 - Level 1.7 Stealth
 + Level 4.7 Spellcasting
 - Level 2.0 Conjurations
 - Level 6.0 Necromancy
 - Level 2.0 Air Magic
 - Level 2.0 Poison Magic


You had 9 spell levels left.
You knew the following spells:

 Your Spells              Type           Power      Damage    Failure   Level
a - Necrotise             Necr           100%       1d9       1%          1
b - Vampiric Draining     Necr           33%        2d8       2%          3
c - Mephitic Cloud        Conj/Pois/Air  14%        N/A       13%         3

Your spell library contained the following spells:

 Spells                   Type           Power      Damage    Failure   Level
 Magic Dart               Conj           56%        1d5       4%          1
 Foxfire                  Conj/Fire      40%        2x1d6     6%          1
 Poisonous Vapours        Pois/Air       28%        N/A       6%          2
 Animate Dead             Necr           33%        N/A       9%          4
 Call Imp                 Summ           10%        N/A       14%         2
 Agony                    Necr           33%        N/A       22%         5
 Freezing Cloud           Conj/Ice/Air   5%         6-21      83%         5
 Summon Forest            Summ/Tloc      2%         N/A       95%         5
 Eringya's Noxious Bog    Tmut/Pois      5%         4d6       100%        6
 Plasma Beam              Fire/Air       5%         2x1d15    100%        6
 Starburst                Conj/Fire      5%         6d4       100%        6
 Summon Hydra             Summ           2%         N/A       100%        7


Dungeon Overview and Level Annotations

Branches:
Dungeon (7/15)             Temple (1/1) D:6

Altars:
Ashenzari
Cheibriados
Dithmenos
Fedhas
Gozag
Hepliaklqana
Kikubaaqudgha
Makhleb
Nemelex Xobeh
Okawaru
Qazlal
Ru
Sif Muna
Trog
Uskayaw
Vehumet
Wu Jian
Xom
Yredelemnul

Shops:
D:4 (

Annotations:
D:1 1 transporter
D:7 Maurice


Innate Abilities, Weirdness & Mutations

You have a pair of small horns on your head.
You have a somewhat thin skeletal structure. (Dex +2, Stealth+)
You may rarely emit foul miasma when damaged in melee.
A meltable icy envelope protects you from harm. (AC +0)
A meltable shield of frost defends you. (SH +0)


Message History

Aiming: Vampiric Draining (dangerous; 2% risk of failure)
Press: ? - help, Shift-Dir - straight line, f - ice beast, p - Maurice
Aim: an ice beast (heavily wounded)
You draw life force from the ice beast.
You feel life coursing into your body. The ice beast barely misses you.
Maurice zaps a wand.
The puff of flame misses you.
The puff of flame hits the ice beast!
The ice beast melts!
You regained 3 hp, and now have 19/62 hp.
You now have 2/14 mp.
You barely miss the ice beast.
The ice beast is almost dead.
The ice beast misses you.
Maurice throws a boomerang.
The boomerang completely misses you.
You thump the ice beast!
You kill the ice beast!
Kikubaaqudgha accepts your kill.
Maurice zaps a wand.
The puff of flame hits you.
* * * LOW HITPOINT WARNING * * *
You take 4 damage, and have 16/62 hp.
Aiming: Throw Flame
Press: ? - help, Shift-Dir - straight line, f - Maurice
Aim: Maurice, wielding a +0 dagger, wearing a +2 cloak of willpower, quivering boomerangs and carrying a wand of flame (lightly wounded, 56% to hit)
The puff of flame hits Maurice.
Maurice is lightly wounded.
Maurice mumbles some strange words.
Maurice flickers and vanishes!
Deactivating autopickup; reactivate with Ctrl-A.
Okay, then.
You feel very mighty all of a sudden.
You hear a zap.
A puff of flame appears from out of thin air!
The puff of flame misses you.
A boomerang appears from out of thin air!
The boomerang hits you!
* * * LOW HITPOINT WARNING * * *
You take 7 damage, and have 10/62 hp.
A boomerang appears from out of thin air!
The boomerang hits you!
You die...
Kikubaaqudgha rasps: "You have failed me!
Welcome... death!"

#.. ###.. .[....
..... ###+###
#...##....{#
##......@...#
+...........#
#...........#
#...........#
##..........#
#...##.....#
#...##.....#....#
#..........#....#
#..........#....#


There were no monsters in sight!

Vanquished Creatures
  Menkaure (D:4)
  Duvessa (D:5)
  A water moccasin (D:6)
  2 black bears (D:5)
  An ice beast (D:7)
  An orc warrior (D:4)
  2 phantoms (D:6)
  A kobold brigand (D:6)
  A scorpion (D:5)
  Dowan (D:5)
  4 hounds
  2 orc priests
  An iguana (D:6)
  Ijyb (D:5)
  3 orc wizards
  4 gnolls (D:2)
  A white imp (D:6)
  2 worms
  16 orcs
  An endoplasm (D:3)
  3 giant cockroaches
  5 goblins
  11 hobgoblins
  15 kobolds
  4 quokkas
  7 ball pythons
  9 bats
  4 frilled lizards
  5 rats
110 creatures vanquished.

Vanquished Creatures (collateral kills)
  A bat (D:2)
  A frilled lizard (D:1)
  A goblin (D:1)
3 creatures vanquished.

Grand Total: 113 creatures vanquished

Notes
Turn   | Place    | Note
-------+----------+-------------------------------------------
     0 | D:1      | jasper the Demonspawn Necromancer began the quest for the
                  | Orb.
     0 | D:1      | Reached XP level 1. HP: 13/13 MP: 3/3
   322 | D:1      | Gained mutation: You have a somewhat thin skeletal
                  | structure. (Dex +2, Stealth+) [demonic ancestry]
   322 | D:1      | Reached XP level 2. HP: 19/19 MP: 3/5
   323 | D:1      | Reached skill level 5 in Necromancy
   920 | D:1      | Gained mutation: You may rarely emit foul miasma when
                  | damaged in melee. [demonic ancestry]
   920 | D:1      | Reached XP level 3. HP: 24/24 MP: 4/6
   929 | D:1      | Learned a level 3 spell: Vampiric Draining
  1525 | D:2      | Reached skill level 1 in Fighting
  1534 | D:2      | Gained mutation: You have a pair of small horns on your
                  | head. [demonic ancestry]
  1534 | D:2      | Reached XP level 4. HP: 25/32 MP: 0/7
  1850 | D:2      | Found a faded altar of an unknown god.
  2231 | D:3      | Learned a level 3 spell: Mephitic Cloud
  2568 | D:3      | Identified the +7 flail "Ophapnesh" {speed, Str+2}
  3021 | D:4      | Reached skill level 6 in Necromancy
  3084 | D:4      | Reached XP level 5. HP: 38/38 MP: 6/8
  3260 | D:4      | Noticed Menkaure
  3267 | D:4      | Killed Menkaure
  3268 | D:4      | Reached skill level 1 in Conjurations
  3268 | D:4      | Reached skill level 1 in Air Magic
  3268 | D:4      | Reached skill level 1 in Poison Magic
  3292 | D:4      | Found Weis's Antique Weapon Shop.
  3318 | D:4      | Noticed an orc warrior
  3340 | D:4      | Killed an orc warrior
  3341 | D:4      | Gained mutation: A meltable shield of frost defends you.
                  | (SH +0) [demonic ancestry]
  3341 | D:4      | Reached XP level 6. HP: 7/44 MP: 3/9
  4009 | D:5      | Entered Level 5 of the Dungeon
  4093 | D:5      | Reached XP level 7. HP: 51/51 MP: 6/11
  4165 | D:5      | Noticed Ijyb
  4176 | D:5      | Killed Ijyb
  4292 | D:5      | Noticed Duvessa
  4292 | D:5      | Noticed Dowan
  4307 | D:5      | Killed Duvessa
  4308 | D:5      | Killed Dowan
  4792 | D:5      | Found a basalt altar of Yredelemnul.
  4793 | D:5      | Found a stormy altar of Qazlal.
  4794 | D:5      | Found a shadowy altar of Dithmenos.
  4984 | D:6      | Gained mutation: A meltable icy envelope protects you from
                  | harm. (AC +0) [demonic ancestry]
  4984 | D:6      | Reached XP level 8. HP: 51/60 MP: 13/13
  5154 | D:6      | Found a staircase to the Ecumenical Temple.
  5170 | Temple   | Entered the Ecumenical Temple
  5178 | Temple   | Became a worshipper of Kikubaaqudgha
  5714 | D:7      | Reached skill level 5 in Fighting
  5761 | D:7      | Reached skill level 5 in Dodging
  5805 | D:7      | Noticed Maurice
  5811 | D:7      | Maurice stole 9 boomerangs
  5812 | D:7      | Maurice stole 338 gold
  5822 | D:7      | Hit by a boomerang thrown by something

Illustrated notes

Levels and vault maps discovered:
D:1:      spicycebolla_arrival_risky_transporter, layout_loops_ring
D:2:      layout_loops_cross, ebering_ecumenical_altar_mist, minmay_pentomino_q2
D:3:      layout_basic
D:4:      layout_gridville, serial_shops, shop, minmay_misc_feat_doors,
          corexii_item_surrounded_by_moat, uniq_menkaure
D:5:      layout_basic, chequers_temple_overflow_statue_of_worship,
          serial_bayou_pond_d, uniq_ijyb, uniq_duvessa
D:6:      layout_basic, minmay_temple_entry_junction_2
D:7:      layout_gridville, uniq_maggie, uniq_maurice
Temple:   regret_index_temple_mists

Skill      XL: |  1  2  3  4  5  6  7  8 |
---------------+-------------------------+-----
Necromancy     | 5 6 |  6.0
Dodging        | 2 3 4 5 |  5.0
Fighting       | 1 2 4 5 |  5.1
Conjurations   | 2 |  2.0
Air Magic      | 2 |  2.0
Poison Magic   | 2 |  2.0
Spellcasting   | 3 4 |  4.7
Stealth        | |  1.7

Action                     |  1- 3 |  4- 6 |  7- 9 || total
---------------------------+-------+-------+-------++-------
  Melee: Morningstar       |    18 |     5 |       ||    23
         Flail             |       |    31 |    82 ||   113
         Headbutt          |       |     8 |    16 ||    24
   Cast: Necrotise         |    55 |    63 |     4 ||   122
         Vampiric Draining |     2 |     1 |     7 ||    10
  Evoke: Wand              |       |       |     1 ||     1
    Use: Scroll            |     3 |     7 |     2 ||    12
         Potion            |     3 |     1 |     1 ||     5
   Stab: Sleeping          |       |       |     2 ||     2
 Armour: Robe              |    25 |    33 |    51 ||   109
  Dodge: Dodged            |    24 |    16 |    37 ||    77
  Block: Other             |       |       |    14 ||    14

Table legend: (Time is in decaauts)
 A = Elapsed time spent in this place.
 B = Non-inter-level travel time spent in this place.
 C = Inter-level travel time spent in this place.
 D = Time resting spent in this place.
 E = Time spent auto-exploring this place.
 F = Levels seen in this place.
 G = Mean time per level.
                   A        B        C        D        E       F      G
               +--------+--------+--------+--------+--------+-----+--------+
         Total |   5828 |   5555 |    273 |    224 |   4491 |   8 |  728.5 |
       Dungeon |   5807 |   5552 |    255 |    224 |   4491 |   7 |  829.6 |
        Temple |     21 |      3 |     18 |      0 |      0 |   1 |   21.0 |
               +--------+--------+--------+--------+--------+-----+--------+

Top non-repeatable levels by time:
     D:1: 1127 daAuts
     D:2: 1086 daAuts
     D:4: 1080 daAuts
     D:5: 899 daAuts
     D:6: 729 daAuts
     D:3: 723 daAuts
     D:7: 161 daAuts
  Temple: 21 daAuts
